 Dungeon Crawl Stone Soup version 0.24.0-123-gd5b16e6ec5 (webtiles) character file.

Game seed: 8939827592280911454, levelgen mode: deterministic

25 Chiseanne the Magician (level 2, -4/19 HPs)
             Began as a Demonspawn Wizard on Jan 21, 2020.
             Slain by a worm (9 damage)
             ... on level 1 of the Dungeon.
             The game lasted 00:01:33 (2115 turns).

Chiseanne the Magician (Demonspawn Wizard)          Turns: 2115, Time: 00:01:34

Health: -4/19      AC:  2    Str:  7    XL:     2   Next: 82%
Magic:  1/6        EV: 11    Int: 19    God:
Gold:   79         SH:  7    Dex: 11    Spells: 7/8 levels left

rFire    . . .     SeeInvis .   g - +0 dagger
rCold    . . .     Gourm    .   r - +0 buckler
rNeg     . . .     Faith    .   a - +0 robe
rPois    .         Spirit   .   b - +0 hat
rElec    .         Reflect  .   (no cloak)
rCorr    .         Harm     .   (no gloves)
MR       .....                  (no boots)
Stlth    ++........             (no amulet)
HPRegen  0.06/turn              (no ring)
MPRegen  0.10/turn              (no ring)

@: no status effects
A: large bone plates 1
a: no special abilities


You were on level 1 of the Dungeon.
You were hungry.

You visited 1 branch of the dungeon, and saw 2 of its levels.

You collected 79 gold pieces.

Inventory:

Hand Weapons
 g - a +0 dagger (weapon)
Missiles
 j - 20 arrows
 n - 49 stones (quivered)
 o - 19 poisoned darts
Armour
 a - a +0 robe (worn)
 b - a +0 hat (worn)
 r - a +0 buckler (worn)
Jewellery
 q - a cursed -5 ring of strength {unknown}
Scrolls
 c - a scroll of noise {unknown}
 e - a scroll of identify {unknown}
 h - a scroll of blinking {unknown}
 m - a scroll of fear {unknown}
Potions
 f - 3 potions of brilliance {unknown}
 i - a potion of haste {unknown}
 k - a potion of invisibility {unknown}
 l - a potion of agility {unknown}
 s - a potion of mutation {unknown}
Comestibles
 d - a ration


   Skills:
 - Level 1.7 Dodging
 - Level 1.7 Stealth
 * Level 3.5 Spellcasting
 * Level 2.1 Conjurations
   Level 1.0 Summonings
   Level 0.8 Translocations


You had 7 spell levels left.
You knew the following spells:

 Your Spells              Type           Power        Failure   Level  Hunger
a - Magic Dart            Conj           ##..         11%         1    None

Your spell library contained the following spells:

 Spells                   Type           Power        Failure   Level  Hunger
 Call Imp                 Summ           #.......     24%         2    ##.....
 Blink                    Tloc           N/A          26%         2    ##.....
 Slow                     Hex            #.......     36%         2    ##.....
 Conjure Flame            Conj/Fire      #.......     43%         3    ###....
 Mephitic Cloud           Conj/Pois/Air  #.......     50%         3    ###....


Dungeon Overview and Level Annotations

Branches:
Dungeon (2/15)

Altars:


Innate Abilities, Weirdness & Mutations

You are partially covered in large bone plates. (SH +4)


Message History

The worm is severely wounded.
Casting: Magic Dart (safe; 11% risk of failure)
Confirm with . or Enter, or press ? or * to list all spells.
You don't have enough magic to cast that spell.
Casting: Magic Dart (safe; 11% risk of failure)
Confirm with . or Enter, or press ? or * to list all spells.
You don't have enough magic to cast that spell.
You hit the worm but do no damage.
The worm is severely wounded.
The worm barely misses you.
You hit the worm but do no damage.
The worm is severely wounded.
The worm bites you.
* * * LOW HITPOINT WARNING * * *
You hit the worm.
The worm is almost dead.
You hit the worm but do no damage.
The worm is almost dead.
The worm bites you!
You die...

............รท..# #.##.#
###########.#### #.##.#
#.# #.##.##
#.######.#...##
#.....##......#
#####.####...## #.#
#..## ##.## #..#
####..@###..# ######
#......w....#
#....####.##...###..#
#.##.............#..#
###.#######.###.##.#..#
...#.........##.##.#..##
###.#######..##.##.#...#
##...######..##.##.....#
...#.........##.#####..#


You could see a worm.

Vanquished Creatures
  A dart slug (D:1)
  A leopard gecko (D:1)
  2 goblins
  5 hobgoblins
  3 kobolds (D:1)
  A ball python (D:1)
  4 bats
  2 frilled lizards (D:1)
  2 rats (D:1)
21 creatures vanquished.

Notes
Turn   | Place    | Note
-------+----------+-------------------------------------------
     0 | D:1      | Chiseanne the Demonspawn Wizard began the quest for the
                  | Orb.
     0 | D:1      | Reached XP level 1. HP: 13/13 MP: 4/4
   234 | D:1      | Gained mutation: You are partially covered in large bone
                  | plates. (SH +4) [demonic ancestry]
   234 | D:1      | Reached XP level 2. HP: 12/19 MP: 3/6
  2115 | D:1      | Slain by a worm

Levels and vault maps discovered:
D:1:      lemuel_arrival_river_passageway, layout_loops_ring
D:2:      layout_loops_cross

Skill      XL: |  1  2 |
---------------+-------+-----
Conjurations   | 2 |  2.1
Dodging        | |  1.7
Stealth        | |  1.7
Spellcasting   | |  3.5
Summonings     | |  1.0
Translocations | |  0.8

Action                   || total
-------------------------++-------
Melee: Dagger            ||    29
 Cast: Magic Dart        ||    52
  Eat: Chunk             ||     3
Armor: Robe              ||     2
Dodge: Dodged            ||    18
Block: Other             ||     3
       Buckler           ||     2
